 Dungeon Crawl Stone Soup version 0.30-a0-23-ge60ba3568b (webtiles) character file.

Game seed: 8078082951723465974

256 freelancePsychic the Conjurer (level 5, 0/41 HPs)
             Began as a Demigod Conjurer on Aug 26, 2022.
             Slain by a wyvern zombie (1 damage)
             ... in an ossuary.
             The game lasted 00:06:00 (3198 turns).

freelancePsychic the Conjurer (Demigod Conjurer)    Turns: 3198, Time: 00:06:01

Health: 0/41       AC:  4    Str:  8    XL:     5   Next: 60%
Magic:  4/10       EV: 16    Int: 24    God:
Gold:   243        SH:  0    Dex: 12    Spells: 4/7 levels left

rFire   . . .      SeeInvis .    f - +1 whip
rCold   . . .      Faith    .    (no shield)
rNeg    . . .      Spirit   .    a - +0 robe
rPois   .          Reflect  .    j - +0 helmet
rElec   .          Harm     .    (no cloak)
rCorr   .          Rampage  .    d - +0 pair of gloves
Will    .....                    (no boots)
Stlth   ++........               (no amulet)
HPRegen 0.13/turn                g - +4 ring of evasion
MPRegen 0.12/turn                (no ring)

@: mighty
A: high MP 1, forlorn, divine attributes
a: no special abilities


You were in an ossuary.
You visited 1 branch of the dungeon, and saw 4 of its levels.
You also visited: Ossuary.

You collected 243 gold pieces.

Inventory:

Hand Weapons
 f - a +1 whip (weapon)
Armour
 a - a +0 robe (worn)
 d - a +0 pair of gloves (worn)
 j - a +0 helmet (worn)
Jewellery
 g - a +4 ring of evasion (left hand)
Scrolls
 m - a scroll of poison


   Skills:
 + Level 2.0 Fighting
 - Level 1.7 Dodging
 - Level 4.0 Stealth
 - Level 1.7 Spellcasting
 + Level 4.6 Conjurations
 + Level 1.9 Translocations


You had 4 spell levels left.
You knew the following spells:

 Your Spells              Type           Power      Damage    Failure   Level
a - Magic Dart            Conj           96%        1d7       1%          1
b - Searing Ray           Conj           48%        2d6       2%          2

Your spell library contained the following spells:

 Spells                   Type           Power      Damage    Failure   Level
 Dazzling Flash           Conj/Hex       26%        N/A       14%         3
 Iskenderun's Mystic Bla  Conj/Tloc      17%        2d5       32%         4
 Fulminant Prism          Conj/Hex       6%         3d7       43%         4


Dungeon Overview and Level Annotations

Branches:
Dungeon (4/15)            Ossuary (1/1)
 Temple: D:4-7

Annotations:
D:4 Menkaure


Innate Abilities, Weirdness & Mutations

You have an increased reservoir of magic. (+10% MP)
You shall have no god before yourself.
Your divine heritage dramatically boosts your attributes as you level up.


Message History

You hit the mummy.
You destroy the mummy!
The wyvern zombie misses you.
You feel very mighty all of a sudden.
A wyvern zombie comes into view.
The wyvern zombie closely misses you.
You whack the wyvern zombie!
The wyvern zombie is severely damaged.
The wyvern zombie completely misses you.
You whack the mummy!
The mummy is heavily damaged.
You whack the mummy!
The mummy is almost destroyed.
You barely miss the mummy.
The mummy is almost destroyed.
The mummy hits you!
You whack the mummy!
You destroy the mummy!
The wyvern zombie barely misses you.
Your Fighting skill increases to level 2!
You whack the wyvern zombie!
The wyvern zombie is moderately damaged.
The wyvern zombie barely misses you.
You hit the wyvern zombie but do no damage.
The wyvern zombie is moderately damaged.
The wyvern zombie bites you but does no damage.
The wyvern zombie bites you!
You whack the wyvern zombie!
The wyvern zombie is heavily damaged.
The wyvern zombie completely misses you.
You hit the wyvern zombie.
The wyvern zombie is heavily damaged.
A bullfrog zombie comes into view.
The wyvern zombie misses you.
You barely miss the wyvern zombie.
The wyvern zombie is heavily damaged.
The wyvern zombie bites you!
* * * LOW HITPOINT WARNING * * *
The wyvern zombie bites you.
You die...

+. #.'
'.# ##M#
'.'
##.#####
'.#..∩#
###.'.∩.#
#@ZZ#...#
###Z#####
'...
##'#'#
#.#.# ###
#


You could see a bullfrog zombie (wandering) and 2 wyvern zombies.

Vanquished Creatures
  A wyvern zombie (Ossuary)
  A bullfrog zombie (Ossuary)
  5 mummies (Ossuary)
  4 adders
  2 worms (D:2)
  A dart slug (D:3)
  2 orcs (D:3)
  4 bats
  3 endoplasms
  5 giant cockroaches
  3 goblins
  4 hobgoblins
  7 jackals
  3 kobolds
  A ball python (D:1)
  4 frilled lizards
  4 rats
54 creatures vanquished.

Vanquished Creatures (others)
  4 withered plants (Ossuary)
4 creatures vanquished.

Grand Total: 58 creatures vanquished

Notes
Turn   | Place    | Note
-------+----------+-------------------------------------------
     0 | D:1      | freelancePsychic the Demigod Conjurer began the quest for
                  | the Orb.
     0 | D:1      | Reached XP level 1. HP: 14/14 MP: 5/5
   333 | D:1      | Reached XP level 2. HP: 20/20 MP: 2/7
   412 | D:1      | Learned a level 2 spell: Searing Ray
  1264 | D:2      | Reached XP level 3. HP: 26/26 MP: 4/8
  2513 | D:3      | Reached XP level 4. HP: 34/34 MP: 5/9
  2903 | D:4      | Noticed Menkaure
  2925 | D:4      | Found a sand-covered staircase.
  2929 | Ossuary  | Entered an ossuary
  2947 | Ossuary  | Reached skill level 1 in Fighting
  2947 | Ossuary  | Reached skill level 1 in Translocations
  2962 | Ossuary  | Reached XP level 5. HP: 5/40 MP: 6/10
  3198 | Ossuary  | HP: 1/41 [wyvern zombie (14)]
  3198 | Ossuary  | Slain by a wyvern zombie

Illustrated notes

Levels and vault maps discovered:
D:1:      dpeg_arrival_pond, layout_loops_ring
D:2:      layout_loops_ring, ebering_ecumenical_altar_petrified, basic_altar,
          grunt_decor_resistance
D:3:      layout_rooms
D:4:      layout_loops_corners, mainiacjoe_overflow_paths,
          minmay_temple_entry_mini_moons, nicolae_ossuary_entry_plus,
          minmay_rat_hole, uniq_natasha, uniq_menkaure
Ossuary:  ossuary_zaba_flooded

Skill      XL: |  1  2  3  4  5 |
---------------+----------------+-----
Stealth        | 2 3 4 |  4.0
Conjurations   | 4 |  4.6
Fighting       | 1 2 |  2.0
Translocations | 1 |  1.9
Dodging        | |  1.7
Spellcasting   | |  1.7

Action                   |  1- 3 |  4- 6 || total
-------------------------+-------+-------++-------
Melee: Whip              |    22 |    44 ||    66
       Punch             |       |     1 ||     1
 Cast: Magic Dart        |    19 |       ||    19
       Searing Ray       |    28 |     7 ||    35
  Use: Scroll            |     6 |     6 ||    12
       Potion            |       |     6 ||     6
Armor: Robe              |     5 |     6 ||    11
Dodge: Dodged            |    25 |    60 ||    85

Table legend: (Time is in decaauts)
 A = Elapsed time spent in this place.
 B = Non-inter-level travel time spent in this place.
 C = Inter-level travel time spent in this place.
 D = Time resting spent in this place.
 E = Time spent auto-exploring this place.
 F = Levels seen in this place.
 G = Mean time per level.
                   A        B        C        D        E       F      G
               +--------+--------+--------+--------+--------+-----+--------+
         Total |   3182 |   3095 |     87 |    340 |   2318 |   5 |  636.4 |
       Dungeon |   2930 |   2843 |     87 |    151 |   2316 |   4 |  732.5 |
       Ossuary |    251 |    251 |      0 |    189 |      2 |   1 |  251.0 |
               +--------+--------+--------+--------+--------+-----+--------+

Top non-repeatable levels by time:
     D:1: 1075 daAuts
     D:3: 920 daAuts
     D:2: 843 daAuts
 Ossuary: 251 daAuts
     D:4: 90 daAuts
